 Dungeon Crawl Stone Soup version 0.21.1-1-g345015fe64 (webtiles) character file.

347 Ivo the Magician (level 6, -2/47 HPs)
             Began as a Human Wanderer on Apr 16, 2018.
             Killed by nerve-wracking pain
             ... invoked by Grinder
              (9 damage)
             ... on level 3 of the Dungeon on Apr 17, 2018.
             The game lasted 01:02:43 (6284 turns).

Ivo the Magician (Human Wanderer)                   Turns: 6284, Time: 01:02:44

Health: -2/47      AC:  3    Str: 15    XL:     6   Next: 91%
Magic:  3/12       EV: 13    Int: 12    God:
Gold:   226        SH:  0    Dex: 12    Spells: 5/13 levels left

rFire    . . .     SeeInvis .   t - +0 blowgun
rCold    . . .     Gourm    .   (no shield)
rNeg     . . .     Faith    .   h - +0 leather armour
rPois    .         Spirit   .   (no helmet)
rElec    .         Reflect  .   (no cloak)
rCorr    .         Harm     .   (no gloves)
MR       .....                  (no boots)
Stlth    +.........             (no amulet)
HPRegen  0.15/turn              (no ring)
MPRegen  0.13/turn              (no ring)

@: very slightly contaminated
A: no striking features
a: no special abilities


You were on level 3 of the Dungeon.
You were not hungry.

You visited 1 branch of the dungeon, and saw 4 of its levels.

You collected 226 gold pieces.

Inventory:

Hand Weapons
 e - a +0 club
 j - a +0 short sword
 t - a +0 blowgun (weapon)
 A - a cursed -3 dagger
Missiles
 u - 11 poisoned needles (quivered)
Armour
 d - a +0 robe
 h - a +0 leather armour (worn)
 n - a +0 pair of boots
Jewellery
 o - an uncursed ring of see invisible {unknown}
 B - a cursed -2 ring of strength {unknown}
Wands
 z - a wand of acid (12)
Scrolls
 g - 2 scrolls of remove curse
 i - 3 scrolls of immolation
 p - a scroll of blinking
 r - 2 scrolls of teleportation
Potions
 c - a potion of curing
 k - 3 potions of flight {unknown}
 l - 3 potions of lignification {unknown}
 m - 3 potions of haste {unknown}
 q - a potion of mutation {unknown}
 s - 3 potions of heal wounds {unknown}
 v - a potion of brilliance {unknown}
 w - 2 potions of cancellation {unknown}
Books
 a - a book of Minor Magic

   Spells                             Type                      Level
   a - Magic Dart                     Conjuration                  1
   b - Blink                          Translocation                2
   c - Call Imp                       Summoning                    2
   d - Slow                           Hexes                        2
   e - Conjure Flame                  Conjuration/Fire             3
   f - Mephitic Cloud                 Conjuration/Poison/Air       3
 b - the Tome of Calling

   Spells                             Type                      Level
   a - Summon Butterflies             Summoning                    1
   b - Call Canine Familiar           Summoning                    3
 y - a book of Maledictions

   Spells                             Type                      Level
   a - Corona                         Hexes                        1
   b - Ensorcelled Hibernation        Hexes/Ice                    2
   c - Confuse                        Hexes                        3
   d - Tukima's Dance                 Hexes                        3
   e - Dazzling Spray                 Conjuration/Hexes            3
Comestibles
 f - 5 rations


   Skills:
 + Level 3.4 Fighting
 - Level 2.0 Short Blades
 - Level 1.0 Throwing
 + Level 3.2 Armour
 + Level 3.2 Dodging
 - Level 4.0 Spellcasting
 + Level 2.0 Summonings
   Level 1.0 Necromancy
 - Level 1.0 Evocations


You had 5 spell levels left.
You knew the following spells:

 Your Spells              Type           Power        Failure   Level  Hunger
a - Magic Dart            Conj           #...         26%         1    #......
b - Blink                 Tloc           N/A          38%         2    ##.....
c - Call Imp              Summ           #.......     19%         2    ##.....
d - Call Canine Familiar  Summ           #.......     34%         3    ###....


Dungeon Overview and Level Annotations

Branches:
Dungeon (4/15)
 Temple: D:4-7

Altars:
Cheibriados
Dithmenos
Uskayaw
Vehumet

Annotations:
D:3 Grinder


Message History

Grinder hits you.
You writhe in agony.
Grinder hits you.
You writhe in agony.
You can move again.
Your white imp disappears in a puff of smoke!
There is an open door here.
Grinder gestures at you. Pain shoots through your body!
* * * LOW HITPOINT WARNING * * *
You feel better.
Grinder blinks!
Grinder says, "FISH!"
Grinder gestures at you. Pain shoots through your body!
* * * LOW HITPOINT WARNING * * *
There is an escape hatch in the ceiling here.
Grinder misses you. A mysterious force pulls you upwards.
The hatch slams shut behind you.
Grinder says, "Don't move a muscle."
Grinder gestures at you. Pain shoots through your body!
You die...

#......)............#...##
###...#...#...#...#..#....##
#..................._#.....#
#.#...#...#...#...#..#.....#
#.)..................#.....#
#.####################.....#
#.##########..5............##
#...........................#
#############...@.........#.#
##....<#.)......#
########.###.### #.##..#
#....## #.#### ###.# # #...#
## ##.#.# #.


You could see Grinder.

Vanquished Creatures
  A scorpion (D:4)
  2 orc wizards (D:4)
  A worker ant (D:4)
  3 adders
  2 worms
  A dart slug (D:1)
  2 leopard geckos
  2 orcs
  2 ball pythons
  3 bats (D:3)
  5 giant cockroaches
  4 goblins
  8 hobgoblins
  4 jackals (D:1)
  2 frilled lizards
  4 kobolds
  3 rats
49 creatures vanquished.

Vanquished Creatures (collateral kills)
  An ogre (D:4)
  The ghost of Nukefarmer the Skirmisher, a weakling DsAK of Lugonu (D:3)
  2 hounds (D:4)
  Terence (D:2)
  An ooze (D:4)
  5 orcs (D:4)
  2 ball pythons (D:2)
  A giant cockroach (D:1)
  2 hobgoblins (D:1)
  A quokka (D:2)
  A bat (D:2)
  3 frilled lizards
  2 kobolds (D:1)
  2 rats
25 creatures vanquished.

Grand Total: 74 creatures vanquished

Notes
Turn   | Place    | Note
-------+----------+-------------------------------------------
     0 | D:1      | Ivo the Human Wanderer began the quest for the Orb.
     0 | D:1      | Ivo set off with: a book of Minor Magic, the Tome of Calling, a potion of curing, a +0 robe, a +0 club, a ration
     0 | D:1      | Reached XP level 1. HP: 15/15 MP: 5/5
    10 | D:1      | Identified the Tome of Calling
    20 | D:1      | Learned a level 1 spell: Magic Dart
   432 | D:1      | Reached XP level 2. HP: 12/21 MP: 5/7
   441 | D:1      | Learned a level 2 spell: Blink
   444 | D:1      | Learned a level 2 spell: Call Imp
  1048 | D:1      | Reached skill level 1 in Armour
  1136 | D:1      | Reached skill level 1 in Dodging
  1148 | D:1      | Reached XP level 3. HP: 11/26 MP: 1/8
  2896 | D:2      | Noticed Terence
  3298 | D:2      | Reached XP level 4. HP: 33/33 MP: 3/10
  3304 | D:2      | Killed Terence
  3778 | D:3      | Found a snail-covered altar of Cheibriados.
  4190 | D:3      | Noticed Nukefarmer's ghost (weakling DsAK)
  4335 | D:3      | Killed Nukefarmer's ghost
  4335 | D:3      | Reached XP level 5. HP: 12/39 MP: 2/11
  4535 | D:3      | Found a hide-covered altar of Uskayaw.
  4541 | D:3      | Found a radiant altar of Vehumet.
  4751 | D:3      | Found a shadowy altar of Dithmenos.
  4765 | D:3      | Learned a level 3 spell: Call Canine Familiar
  4948 | D:4      | Noticed an ogre
  4951 | D:4      | Noticed a spatial vortex
  5126 | D:4      | Reached skill level 1 in Summonings
  5126 | D:4      | Reached XP level 6. HP: 40/47 MP: 12/12
  5439 | D:4      | Killed an ogre
  6238 | D:4      | Noticed Grinder
  6261 | D:4      | Paralysed by Grinder for 6 turns
  6284 | D:3      | Killed from afar by Grinder

Skill      XL: |  1  2  3  4  5  6 |
---------------+-------------------+-----
Armour         | 1 2 3 |  3.2
Dodging        | 1 2 3 |  3.2
Fighting       | 2 3 |  3.4
Summonings     | 1 2 |  2.0
Short Blades   | |  2.0
Throwing       | |  1.0
Spellcasting   | |  4.0
Necromancy     | |  1.0
Evocations     | |  1.0

Action                   |  1- 3 |  4- 6 || total
-------------------------+-------+-------++-------
Melee: Club              |    23 |       ||    23
       Short sword       |    75 |   110 ||   185
 Fire: Blowgun           |       |    36 ||    36
 Cast: Magic Dart        |    30 |    14 ||    44
       Call Imp          |    17 |    31 ||    48
       Blink             |     2 |       ||     2
       Call Canine Famil |       |     1 ||     1
  Use: Scroll            |     6 |     1 ||     7
       Potion            |       |     2 ||     2
 Stab: Distracted        |       |     2 ||     2
  Eat: Chunk             |     5 |     8 ||    13
       Ration            |     1 |     2 ||     3
Armor: Robe              |    22 |     9 ||    31
       Leather armour    |       |    18 ||    18
Dodge: Dodged            |    77 |    69 ||   146
